 Dungeon Crawl Stone Soup version 0.24.0-123-gd5b16e6ec5 (webtiles) character file.

Game seed: 3988529425693084522, levelgen mode: deterministic

10070 Gynju the Arsonist (level 11, -2/86 HPs)
             Began as a Pale Draconian Fire Elementalist on Feb 9, 2020.
             Was a Priest of Vehumet.
             Slain by a wraith (4 damage)
             ... led by Josephine
             ... on level 10 of the Dungeon.
             The game lasted 00:33:36 (13201 turns).

Gynju the Arsonist (DrFE)                          Turns: 13201, Time: 00:33:36

Health: -2/86      AC:  9    Str: 22    XL:     11   Next: 31%
Magic:  13/23      EV: 12    Int: 19    God:    Vehumet [***...]
Gold:   358        SH:  4    Dex: 11    Spells: 2/27 levels left

rFire    + + .     SeeInvis .   y - +3 trident of Revolt {holy, *Noise rF++ Str+6}
rCold    . . .     Gourm    .   s - +0 buckler
rNeg     . . .     Faith    .   (armour unavailable)
rPois    +         Spirit   .   (helmet restricted)
rElec    .         Reflect  .   (no cloak)
rCorr    .         Harm     .   (no gloves)
MR       .....                  u - +1 pair of boots {run}
Stlth    ++........             (no amulet)
HPRegen  0.24/turn              c - +5 ring of strength
MPRegen  0.18/turn              v - ring of poison resistance

@: slowed, very slow
A: breathe steam, unfitting armour, cold-blooded, AC +7
a: Breathe Steam, Renounce Religion


You were on level 10 of the Dungeon.
You worshipped Vehumet.
Vehumet was most pleased with you.
You were not hungry.

You visited 2 branches of the dungeon, and saw 11 of its levels.

You collected 508 gold pieces.
You spent 150 gold pieces at shops.

Inventory:

Hand Weapons
 j - a +1 scimitar of holy wrath
 p - a +0 flail
 x - a +3 flail of draining
 y - the +3 trident of Revolt (weapon) {holy, *Noise rF++ Str+6}
   (You found it on level 5 of the Dungeon)

   It has been blessed by the Shining One to cause great damage to the undead
   and demons.
   It affects your strength (+6).
   It greatly protects you from fire.
   It may make noises in combat.
 M - a +1 war axe of flaming
Missiles
 f - 312 stones (quivered)
 l - 50 poisoned darts
 r - 6 curare-tipped darts
 I - 2 throwing nets
 J - 4 atropa-tipped darts
Armour
 e - a +0 shield
 s - a +0 buckler (worn)
 u - a +1 pair of boots of running (worn)
Magical Staves
 z - an uncursed staff of death
Jewellery
 c - a +5 ring of strength (left hand)
 v - a ring of poison resistance (right hand)
 F - an uncursed amulet of harm
 K - a +1 ring of evasion
Wands
 D - a wand of flame (27)
Scrolls
 h - 6 scrolls of remove curse {@r2}
 k - a scroll of noise {unknown}
 m - 2 scrolls of magic mapping
 n - 2 scrolls of blinking {unknown}
 q - 3 scrolls of fog
 t - a scroll of holy word {unknown}
 B - 5 scrolls of teleportation
 E - a scroll of amnesia {unknown}
 G - 4 scrolls of identify {@r1}
 L - a scroll of enchant weapon {unknown}
 N - 2 scrolls of vulnerability {unknown}
Potions
 a - a potion of magic
 d - a potion of invisibility
 g - 4 potions of berserk rage
 i - 4 potions of lignification
 o - a potion of heal wounds
 w - 2 potions of curing {@q1}
 C - a potion of degeneration {unknown}
 H - 2 potions of brilliance {unknown}
Comestibles
 b - 21 rations


   Skills:
 + Level 5.1 Fighting
 + Level 4.7 Polearms
 - Level 1.7 Dodging
 - Level 1.7 Stealth
 - Level 4.2 Shields
 * Level 8.8 Spellcasting
 * Level 9.0 Conjurations
 + Level 2.4 Hexes
 + Level 1.2 Summonings
 - Level 10.0 Fire Magic
 + Level 1.3 Poison Magic


You had 2 spell levels left.
You knew the following spells:

 Your Spells              Type           Power        Failure   Level  Hunger
a - Flame Tongue          Conj/Fire      #####        1%          1    None
b - Conjure Flame         Conj/Fire      #####...     1%          3    None
c - Sticky Flame          Conj/Fire      #####...     1%          4    ###....
d - Shock                 Conj/Air       ####         1%          1    None
e - Fireball              Conj/Fire      #####.....   1%          5    #####..
f - Confuse               Hex            ###.....     10%         3    None
g - Olgreb's Toxic Radia  Pois           ##......     13%         4    ###....
h - Summon Lightning Spi  Summ/Air       ##......     54%         4    ###....

Your spell library contained the following spells:

 Spells                   Type           Power        Failure   Level  Hunger
 Ignite Poison            Fire/Tmut/Pois ###.....     1%          3    None
 Sting                    Conj/Pois      ####         1%          1    None
 Throw Flame              Conj/Fire      #####.       1%          2    None
 Corona                   Hex            ###....      3%          1    None
 Summon Small Mammal      Summ           ##..         4%          1    None
 Call Imp                 Summ           ##......     8%          2    None
 Ensorcelled Hibernation  Hex/Ice        ##....       8%          2    None
 Poisonous Vapours        Pois/Air       ##....       10%         2    None
 Dazzling Spray           Conj/Hex       ####..       1%          3    None
 Inner Flame              Hex/Fire       ####....     1%          3    None
 Mephitic Cloud           Conj/Pois/Air  ###.....     1%          3    None
 Venom Bolt               Conj/Pois      ####......   8%          5    #####..
 Tukima's Dance           Hex            ###.....     10%         3    None
 Summon Guardian Golem    Hex/Summ       ###.....     12%         3    None
 Call Canine Familiar     Summ           ##......     16%         3    None
 Summon Ice Beast         Ice/Summ       ##......     54%         4    ###....


Dungeon Overview and Level Annotations

Branches:
Dungeon (10/15)            Temple (1/1) D:4
   Lair: D:8-11         Orc: D:9-12

Altars:
Ashenzari
Cheibriados
Dithmenos
Elyvilon
Gozag
Kikubaaqudgha
Makhleb
Okawaru
Qazlal
Ru
Sif Muna
Trog
Uskayaw
Vehumet
Xom
Yredelemnul
Zin
The Shining One

Shops:
D:4 [   D:6 %

Annotations:
D:9 3 runed translucent doors, Lemonice's ghost, novice HOFE
D:10 3 runed translucent doors


Innate Abilities, Weirdness & Mutations

You can breathe blasts of scalding, opaque steam.
Your pale cyan-grey scales are hard. (AC +7)
You cannot fit into any form of body armour.
You are cold-blooded and may be slowed by cold attacks.


Message History

* * * LOW HITPOINT WARNING * * *
The wraith drains your vigour!
You feel as though you will be slow longer.
Casting: Flame Tongue (safe; 1% risk of failure)
Confirm with . or Enter, or press ? or * to list all spells.
Aiming: Flame Tongue (safe; 1% risk of failure)
Press: ? - help, Shift-Dir - straight line, f/p - wraith
Aim: a wraith (heavily damaged)
The flame tongue hits the wraith.
The wraith is severely damaged.
The wraith closely misses you.
Casting: Flame Tongue (safe; 1% risk of failure)
Confirm with . or Enter, or press ? or * to list all spells.
Aiming: Flame Tongue (safe; 1% risk of failure)
Press: ? - help, Shift-Dir - straight line, f/p - wraith
Aim: a wraith (severely damaged)
The flame tongue hits the wraith.
The wraith is severely damaged.
The wraith hits you.
You die...

#.###.#...#....#
#.# #.#...#....#
#.###.#...#.....
#.....#...#
#.....##'##
#.....#...#
#.....'...#
#.....#...#
#....@#.>.#
#.###W#...# #.
#.#...# #.
..##### ... .#..
.#.. ..#...


You could see a wraith.

Vanquished Creatures
  Harold (D:8)
  2 two-headed ogres
  An ogre mage (D:10)
  Pikel (D:7)
  A deep elf mage (D:10)
  Prince Ribbit (D:5)
  A slime creature (D:10)
  A hippogriff (D:10)
  A wraith (D:10)
  10 yaks (D:9)
  A wyvern (D:8)
  A hungry ghost (D:8)
  Edmund (D:5)
  Duvessa (D:6)
  An orc warrior (D:9)
  2 ice beasts
  A sky beast (D:9)
  A slave (D:7)
  An eye of draining (D:10)
  A phantom (D:9)
  2 black bears
  7 ogres
  2 centaurs
  Blork the orc (D:6)
  2 big kobolds (D:8)
  5 bullfrogs
  Dowan (D:6)
  5 scorpions
  A howler monkey (D:8)
  5 crimson imps
  A quasit (D:9)
  8 hounds
  3 jellies
  A gnoll shaman (D:4)
  4 orc priests
  9 orc wizards
  4 centaur skeletons
  Terence (D:1)
  3 iguanas
  6 worker ants
  A killer bee zombie (D:5)
  2 hound zombies
  2 hound skeletons
  2 worker ant zombies
  4 gnolls
  13 adders
  A shadow imp (D:9)
  4 adder zombies
  An ooze (D:4)
  3 adder skeletons
  A worm (D:2)
  5 leopard geckos
  27 orcs
  A ball python (D:2)
  3 giant cockroaches
  6 goblins
  9 hobgoblins
  11 jackals
  4 quokkas
  12 bats
  2 frilled lizards (D:1)
  21 kobolds
  2 leopard gecko skeletons
  2 quokka skeletons (D:4)
  A quokka zombie (D:8)
  8 rats
250 creatures vanquished.

Vanquished Creatures (others)
  A hungry ghost (D:7)
  A slave (D:7)
  A leopard gecko (D:7)
  An orc (D:7)
4 creatures vanquished.

Grand Total: 254 creatures vanquished

Notes
Turn   | Place    | Note
-------+----------+-------------------------------------------
     0 | D:1      | Gynju the Draconian Fire Elementalist began the quest for
                  | the Orb.
     0 | D:1      | Reached XP level 1. HP: 14/14 MP: 3/3
   275 | D:1      | Reached XP level 2. HP: 15/20 MP: 3/5
  1023 | D:1      | Reached XP level 3. HP: 26/26 MP: 2/7
  1028 | D:1      | Learned a level 3 spell: Conjure Flame
  1175 | D:2      | Noticed Terence
  1308 | D:1      | Killed Terence
  1308 | D:1      | Reached skill level 4 in Fire Magic
  1503 | D:1      | Reached XP level 4. HP: 15/33 MP: 0/8
  1518 | D:1      | Learned a level 4 spell: Sticky Flame
  1857 | D:2      | Found a stormy altar of Qazlal.
  1859 | D:2      | Noticed a water elemental
  1859 | D:2      | Noticed an air elemental
  1860 | D:2      | Noticed a fire elemental
  1860 | D:2      | Noticed an earth elemental
  2149 | D:2      | Found a faded altar of an unknown god.
  2679 | D:2      | Reached XP level 5. HP: 21/38 MP: 5/10
  4152 | D:4      | Noticed an ogre
  4162 | D:4      | Killed an ogre
  4162 | D:4      | Reached skill level 5 in Fire Magic
  4162 | D:4      | Reached XP level 6. HP: 45/45 MP: 2/12
  4477 | D:4      | Found a shattered altar of Ashenzari.
  4808 | D:3      | HP: 1/45 [gnoll/+0 whip (7)]
  5151 | D:4      | Reached skill level 1 in Shields
  5329 | D:4      | Found Wagawn's Antique Armour Shop.
  5335 | D:4      | Bought a pair of embroidered boots for 150 gold pieces
  5340 | D:4      | Identified a +1 pair of boots of running (You bought it in
                  | a shop on level 4 of the Dungeon)
  5370 | D:4      | Your scales start taking on a pale cyan-grey colour.
  5370 | D:4      | Reached XP level 7. HP: 39/50 MP: 7/13
  5543 | D:4      | Reached skill level 6 in Fire Magic
  5681 | D:4      | Found a staircase to the Ecumenical Temple.
  5951 | Temple   | Entered the Ecumenical Temple
  5960 | Temple   | Became a worshipper of Vehumet
  6046 | D:5      | Entered Level 5 of the Dungeon
  6237 | D:5      | Noticed Edmund
  6301 | D:5      | Killed Edmund
  6360 | D:5      | Got a crystal trident
  6361 | D:5      | Identified the +3 trident of Revolt {holy, *Noise rF++
                  | Str+6} (You found it on level 5 of the Dungeon)
  6736 | D:5      | Noticed Prince Ribbit
  6756 | D:5      | Killed Prince Ribbit
  6756 | D:5      | Reached skill level 5 in Spellcasting
  6756 | D:5      | Reached XP level 8. HP: 57/57 MP: 15/15
  7174 | D:6      | Noticed Dowan
  7175 | D:6      | Noticed Duvessa
  7183 | D:6      | Killed Duvessa
  7184 | D:6      | Killed Dowan
  7395 | D:6      | Reached skill level 7 in Fire Magic
  7442 | D:6      | Reached skill level 5 in Conjurations
  7708 | D:6      | Noticed Blork the orc
  7712 | D:6      | Killed Blork the orc
  7786 | D:6      | Found Xaxooj's Food Shop.
  8328 | D:7      | Reached * piety under Vehumet
  8328 | D:7      | Offered knowledge of Freeze by Vehumet.
  8405 | D:7      | Reached XP level 9. HP: 63/63 MP: 18/18
  8407 | D:7      | Noticed Pikel
  8416 | D:7      | Killed Pikel
  8416 | D:7      | Reached skill level 1 in Fighting
  8416 | D:7      | Reached skill level 1 in Polearms
  8416 | D:7      | Reached skill level 8 in Fire Magic
  9051 | D:7      | Found a white marble altar of Elyvilon.
  9763 | D:8      | Offered knowledge of Shock by Vehumet.
  9766 | D:8      | Learned a level 1 spell: Shock
  9771 | D:8      | Reached ** piety under Vehumet
  9976 | D:8      | Reached skill level 9 in Fire Magic
 10032 | D:8      | Noticed Harold
 10035 | D:8      | Noticed a two-headed ogre
 10036 | D:8      | Found a burning altar of Makhleb.
 10039 | D:8      | Found a hide-covered altar of Uskayaw.
 10090 | D:8      | Killed a two-headed ogre
 10090 | D:8      | Reached XP level 10. HP: 62/77 MP: 19/21
 10121 | D:8      | Killed Harold
 10659 | D:8      | Learned a level 5 spell: Fireball
 10720 | D:9      | Found a runed translucent gate.
 10720 | D:9      | Found a runed translucent gate.
 10720 | D:9      | Found a runed translucent gate.
 10989 | D:9      | Learned a level 3 spell: Confuse
 11026 | D:9      | Offered knowledge of Throw Frost by Vehumet.
 11047 | D:9      | Found a sacrificial altar of Ru.
 11085 | D:9      | Found a shadowy altar of Dithmenos.
 11421 | D:9      | Reached *** piety under Vehumet
 11437 | D:9      | Reached skill level 1 in Hexes
 11440 | D:9      | Reached skill level 10 in Fire Magic
 11824 | D:9      | Noticed a two-headed ogre
 11840 | D:9      | Killed a two-headed ogre
 11840 | D:9      | Reached XP level 11. HP: 65/85 MP: 16/23
 12076 | D:9      | Found a glowing silver altar of Zin.
 12162 | D:9      | Noticed Lemonice's ghost (novice HOFE)
 12453 | D:9      | Learned a level 4 spell: Olgreb's Toxic Radiance
 12458 | D:9      | Learned a level 4 spell: Summon Lightning Spire
 12532 | D:10     | Entered Level 10 of the Dungeon
 12640 | D:10     | Noticed an ogre mage
 12645 | D:10     | Found a runed translucent door.
 12645 | D:10     | Noticed a deep elf mage
 12668 | D:10     | Killed an ogre mage
 12693 | D:10     | Killed a deep elf mage
 12693 | D:10     | Reached skill level 5 in Fighting
 12693 | D:10     | Reached skill level 1 in Summonings
 12693 | D:10     | Reached skill level 1 in Poison Magic
 12834 | D:10     | Noticed a tengu warrior
 12835 | D:10     | Found a runed translucent door.
 12835 | D:10     | Noticed a frost giant
 12836 | D:10     | Found a runed translucent door.
 12882 | D:10     | Offered knowledge of Ignite Poison by Vehumet.
 12920 | D:10     | Identified the +14 gold dragon scales "Gagycogo" {rPois rF+
                  | rC+ Str+3} (You found it on level 10 of the Dungeon)
 13105 | D:10     | Noticed an eight-headed hydra
 13199 | D:10     | HP: 4/86 [wraith[Josephine] (3)]
 13199 | D:10     | HP: 1/86 [wraith[Josephine] (3)]
 13201 | D:10     | Slain by a wraith

Levels and vault maps discovered:
D:1:      minmay_arrival_hallway, layout_basic
D:2:      layout_rooms, chequers_ecumenical_altar_twisty,
          nicolae_qazlal_style_of_elements, uniq_terence
D:3:      minmay_angry_zag, layout_loops_corners, serial_undead,
          serial_undead_a, serial_undead_f, serial_undead_b, serial_undead_d,
          grunt_decor_mini_mirrors
D:4:      layout_basic, cheibrodos_ashenzari_chains,
          minmay_temple_entry_butterflies, serial_shops, shop, first_ration
D:5:      layout_cave_pods, uniq_edmund, uniq_prince_ribbit1
D:6:      minmay_inner_zag, layout_loops_cross, serial_shops,
          nicolae_shop_window_shopping, st_stairs_13, uniq_duvessa,
          uniq_blork_the_orc
D:7:      layout_rooms, nicolae_overflow_hidden_temple, grunt_ogre_cave,
          uniq_pikel
D:8:      layout_cave_pods, grunt_temple_overflow_open, uniq_harold
D:9:      argonaut_augean_stables, layout_basic,
          grunt_dithmenos_smoke_and_mirrors, zin_statuary,
          nicolae_overflow_crystal_walls, ebering_ghost_rock_garden
D:10:     minmay_the_grid_four_pointed_star_mashed
          [minmay_the_grid_triangle_9x9_fully_insulated_deathbox,
          minmay_the_grid_triangle_9x9_warning,
          minmay_the_grid_triangle_9x9_zippers_vertical,
          minmay_the_grid_triangle_9x9_longest,
          minmay_the_grid_prize_trominoes], layout_stronghold,
          dpeg_oklobed_lair, serial_shops, nicolae_shop_waterfront,
          uniq_josephine
Temple:   eino_temple_lava

Skill      XL: |  1  2  3  4  5  6  7  8  9 10 11 |
---------------+----------------------------------+-----
Spellcasting   | 3 4 5 6 7 8 |  8.8
Fire Magic     | 4 5 6 7 9 10 | 10.0
Conjurations   | 2 3 4 5 7 8 9 |  9.0
Shields        | 1 3 4 |  4.2
Fighting       | 3 4 5 |  5.1
Polearms       | 3 4 |  4.7
Hexes          | 1 2 |  2.4
Summonings     | 1 |  1.2
Poison Magic   | 1 |  1.3
Dodging        | |  1.7
Stealth        | |  1.7

Action                   |  1- 3 |  4- 6 |  7- 9 | 10-12 || total
-------------------------+-------+-------+-------+-------++-------
Melee: Unarmed           |    46 |       |       |       ||    46
       Tailslap          |     9 |     1 |     2 |     1 ||    13
       Club              |    17 |       |       |       ||    17
       Whip              |    27 |       |       |       ||    27
       Mace              |       |    22 |       |       ||    22
       Scimitar          |       |     1 |       |       ||     1
       Trident           |       |       |    27 |    16 ||    43
Throw: Stone             |       |     1 |     1 |     7 ||     9
 Cast: Flame Tongue      |    34 |   167 |   197 |   194 ||   592
       Conjure Flame     |     1 |     1 |    10 |     5 ||    17
       Shock             |       |       |       |    24 ||    24
       Fireball          |       |       |       |     1 ||     1
 Abil: Breathe Steam     |       |       |    28 |    18 ||    46
  Use: Scroll            |     9 |     1 |     2 |     1 ||    13
 Stab: Sleeping          |     1 |     1 |       |       ||     2
  Eat: Chunk             |     2 |    12 |    18 |     8 ||    40
       Ration            |       |       |       |     1 ||     1
Armor: Skin              |    38 |    43 |    24 |    15 ||   120
Dodge: Dodged            |    92 |   100 |    46 |    53 ||   291
Block: Buckler           |       |     5 |    19 |    13 ||    37
       Rpst.: Scimitar   |       |    10 |       |       ||    10
